 Dungeon Crawl Stone Soup version 0.21.1-1-g345015f (webtiles) character file.

90 Piucca the Skirmisher (level 4, 0/49 HPs)
             Began as an Ogre Berserker on Feb 22, 2018.
             Was a Believer of Trog.
             Slain by a gnoll
             ... wielding a +0 spear
              (2 damage)
             ... on level 3 of the Dungeon.
             The game lasted 00:14:52 (2931 turns).

Piucca the Skirmisher (Ogre Berserker)              Turns: 2931, Time: 00:14:53

Health: 0/49       AC:  3    Str: 21    XL:     4   Next: 56%
Magic:  4/4        EV: 11    Int:  8    God:    Trog [**....]
Gold:   123        SH:  0    Dex:  9    Spells: 3/3 levels left

rFire    . . .     SeeInvis .   a - +0 spear
rCold    . . .     Gourm    .   (no shield)
rNeg     . . .     Faith    .   e - +0 robe
rPois    .         Spirit   .   (helmet restricted)
rElec    .         Reflect  .   (no cloak)
rCorr    .         Harm     .   (gloves unavailable)
MR       .....                  (boots unavailable)
Stlth    +.........             (no amulet)
HPRegen  0.16/turn              (no ring)
MPRegen  0.09/turn              (no ring)

@: no status effects
A: large, unfitting armour, tough skin 1
a: Berserk, Trog's Hand, Burn Spellbooks, Renounce Religion


You were on level 3 of the Dungeon.
You worshipped Trog.
Trog was pleased with you.
You were near starving.

You visited 1 branch of the dungeon, and saw 3 of its levels.

You collected 123 gold pieces.

Inventory:

Hand Weapons
 a - a +0 spear (weapon)
Armour
 b - a +0 animal skin
 e - a +0 robe (worn)
 h - a +0 robe
Scrolls
 d - a scroll of enchant armour {unknown}
 f - 2 scrolls of teleportation {unknown}
 g - 2 scrolls of enchant weapon {unknown}
 j - 2 scrolls of magic mapping {unknown}
 m - 2 scrolls of fear {unknown}
 n - a scroll of noise {unknown}
 q - a scroll of amnesia {unknown}
 r - a scroll of identify {unknown}
 s - a scroll of random uselessness {unknown}
 t - a scroll of immolation {unknown}
Potions
 i - a potion of lignification {unknown}
 k - a potion of haste
 l - a potion of mutation {unknown}
 o - a potion of curing {unknown}
 p - 2 potions of degeneration {unknown}
Comestibles
 c - 4 rations


   Skills:
 + Level 4.7 Fighting
 + Level 4.0 Polearms
 + Level 3.4 Dodging
 + Level 0.5 Stealth


You had 3 spell levels left.
You didn't know any spells.

Dungeon Overview and Level Annotations

Branches:
Dungeon (3/15)

Altars:


Innate Abilities, Weirdness & Mutations

You are too large for most types of armour.
You have tough skin. (AC +1)


Message History

The gnoll hits you with a whip.
You closely miss the gnoll. The gnoll hits you with a whip.
The gnoll hits you but does no damage. The gnoll hits you with a whip!
You hit the gnoll but do no damage.
The gnoll hits you but does no damage. x2
The gnoll hits you with a whip! The gnoll hits you with a whip.
* * * LOW HITPOINT WARNING * * *
The gnoll hits you with a whip.
* * * LOW HITPOINT WARNING * * *
The gnoll closely misses you. The gnoll closely misses you. x2
The gnoll hits you with a whip.
* * * LOW HITPOINT WARNING * * *
The gnoll hits you from afar with a spear.
* * * LOW HITPOINT WARNING * * *
There is an escape hatch in the floor here.
The gnoll hits you with a whip.
* * * LOW HITPOINT WARNING * * *
The gnoll hits you from afar with a spear.
You die...

.........##.# #....
#####........##.# #....
##.....#......##.# #....
##............>##.# #....
#.....†.........#.# #....
#...............#.# #.... .
#...............†.###..†.
#.#............).....##....
#.........@........#.##..##
###.....g>........#.##.##
##...g.#........#....#
####.g.....##......###
##g...#####.....(..##
.#######))#### ..####...##
.........## #### #....##
...####### ##..<.# #...(###


You could see 3 gnolls.

Vanquished Creatures
  2 adders (D:2)
  A gnoll (D:2)
  A worm (D:2)
  A dart slug (D:1)
  2 leopard geckos
  7 bats
  A giant cockroach (D:3)
  5 goblins
  10 hobgoblins
  3 jackals (D:3)
  2 ball pythons
  3 frilled lizards (D:2)
  10 kobolds
  7 rats
55 creatures vanquished.

Notes
Turn   | Place    | Note
-------+----------+-------------------------------------------
     0 | D:1      | Piucca the Ogre Berserker began the quest for the Orb.
     0 | D:1      | Reached XP level 1. HP: 24/24 MP: 1/1
   489 | D:1      | Reached XP level 2. HP: 29/32 MP: 2/2
  1017 | D:1      | Reached XP level 3. HP: 37/39 MP: 3/3
  1769 | D:2      | Reached XP level 4. HP: 24/49 MP: 4/4
  2286 | D:2      | Reached ** piety under Trog
  2931 | D:3      | HP: 2/49 [gnoll/whip (2)]
  2931 | D:3      | Slain by a gnoll

Skill      XL: |  1  2  3  4 |
---------------+-------------+-----
Dodging        | 3 |  3.4
Polearms       | 4 |  4.0
Fighting       | |  4.7
Stealth        | |  0.5

Action                   |  1- 3 |  4- 6 || total
-------------------------+-------+-------++-------
Melee: Spear             |   133 |    84 ||   217
 Stab: Sleeping          |       |     1 ||     1
  Eat: Ration            |     1 |       ||     1
       Chunk             |       |     1 ||     1
Armor: Animal skin       |     5 |       ||     5
       Robe              |    28 |    26 ||    54
Dodge: Dodged            |    75 |    53 ||   128
